 Dungeon Crawl Stone Soup version 0.26.1-11-gd32895ea62 (webtiles) character file.

Game seed: 1022508307898250969

1637 Roflanpepe the Magician (level 8, -1/57 HPs)
             Began as a Black Draconian Conjurer on Aug 2, 2021.
             Was a Believer of Sif Muna.
             Shot with a sling bullet by Joseph (5 damage)
             ... on level 7 of the Dungeon.
             The game lasted 00:51:59 (6886 turns).

Roflanpepe the Magician (Black Draconian Conjurer)  Turns: 6886, Time: 00:51:59

Health: -1/57      AC:  6    Str: 10    XL:     8   Next: 66%
Magic:  9/28       EV: 12    Int: 21    God:    Sif Muna [**....]
Gold:   280        SH:  0    Dex:  9    Spells: 11/22 levels left

rFire    . . .     SeeInvis .   q - staff of poison
rCold    . . .     Faith    +   (no shield)
rNeg     . . .     Spirit   .   (armour unavailable)
rPois    +         Reflect  .   (helmet restricted)
rElec    +         Harm     .   (no cloak)
rCorr    .         Rampage  .   (no gloves)
Will     .....                  (no boots)
Stlth    ++........             a - amulet of faith
HPRegen  0.19/turn              b - ring of magical power
MPRegen  0.21/turn              h - ring of poison resistance

@: no status effects
A: breathe lightning, unfitting armour, electricity resistance, cold-blooded, AC
+6
a: Breathe Lightning, Renounce Religion, Channel Magic


You were on level 7 of the Dungeon.
You worshipped Sif Muna.
Sif Muna was pleased with you.
You visited 1 branch of the dungeon, and saw 7 of its levels.

You collected 322 gold pieces.
You spent 42 gold pieces at shops.

Inventory:

Magical Staves
 q - an uncursed staff of poison (weapon)
Jewellery
 a - an amulet of faith (around neck)
 b - a ring of magical power (left hand)
 g - an uncursed amulet of regeneration
 h - a ring of poison resistance (right hand)
 o - an uncursed ring of magical power
Wands
 l - a wand of flame (6)
Scrolls
 c - 5 scrolls of enchant weapon
 f - 9 scrolls of remove curse
 j - a scroll of fear
 n - a scroll of blinking {unknown}
Potions
 d - 4 potions of might
 e - a potion of ambrosia {unknown}
 i - a potion of brilliance {unknown}
 k - 5 potions of curing
 m - a potion of haste {unknown}
 p - a potion of lignification {unknown}


   Skills:
 + Level 2.9 Dodging
 + Level 3.5 Stealth
 * Level 7.6 Spellcasting
 + Level 7.1 Conjurations
 * Level 1.6 Hexes


You had 11 spell levels left.
You knew the following spells:

 Your Spells              Type           Power        Failure   Level
a - Magic Dart            Conj           100%         1%          1
b - Searing Ray           Conj           76%          1%          2
c - Fulminant Prism       Conj/Hex       13%          13%         4
d - Iskenderun's Mystic   Conj/Tloc      23%          19%         4

Your spell library contained the following spells:

 Spells                   Type           Power        Failure   Level
 Dazzling Flash           Conj/Hex       52%          4%          3
 Slow                     Hex            15%          6%          2
 Conjure Flame            Conj/Fire      23%          6%          3
 Stone Arrow              Conj/Erth      46%          6%          3
 Sandblast                Erth           16%          9%          1
 Mephitic Cloud           Conj/Pois/Air  27%          10%         3
 Blink                    Tloc           N/A          12%         2
 Call Imp                 Summ           8%           12%         2
 Passwall                 Tmut/Erth      6%           12%         2
 Petrify                  Tmut/Erth      8%           63%         4
 Lee's Rapid Deconstruct  Erth           4%           92%         5


Dungeon Overview and Level Annotations

Branches:
Dungeon (7/15)             Temple (0/1) D:5

Altars:
Ashenzari
Dithmenos
Fedhas
Gozag
Makhleb
Nemelex Xobeh
Ru
Sif Muna
Uskayaw
Vehumet
Xom
Zin
The Shining One

Shops:
D:4 !

Annotations:
D:6 Dowan
D:7 1 runed translucent door, Descartes's ghost, novice TrCK; Joseph


Innate Abilities, Weirdness & Mutations

You can breathe wild blasts of lightning.
Your glossy black scales are hard. (AC +6)
You cannot fit into any form of body armour.
You are resistant to electric shocks. (rElec)
You are cold-blooded and may be slowed by cold attacks.


Message History

Joseph is severely wounded.
You see here a sling bullet.
Casting: Fulminant Prism (dangerous; 13% risk of failure)
Confirm with . or Enter, or press ? or * to list all spells.
The spell is quite dangerous to cast (19% risk of failure)!
Continue anyway?
You erupt in a blast of force!
The mystic blast hits Joseph!
Joseph is severely wounded.
Joseph is knocked back by the mystic blast.
Joseph slams into the rock wall!
Joseph shoots a sling bullet.
The sling bullet hits you.
Joseph shoots a sling bullet.
The sling bullet hits you but does no damage.
You see here a sling bullet.
Okay, then.
Joseph shoots a sling bullet.
The sling bullet hits you!
Joseph shoots a sling bullet.
The sling bullet hits you!
* * * LOW HITPOINT WARNING * * *
You see here a sling bullet.
Joseph shoots a sling bullet.
The sling bullet hits you.
You die...

### ##.## #$(W# ###+###
#.....# ###
###.##########<######
#..((@....(.........
#####(########@..#####.
#.....# #...# ##(#### #
##.## #.# .# #.# #.# ..
#.# #@##.# #.# #((.@#
.# ###### ##


You could see Joseph.

Vanquished Creatures
  Sigmund (D:4)
  Duvessa (D:6)
  A sky beast (D:5)
  3 ogres
  A centaur (D:3)
  2 scorpions
  5 wights (D:6)
  2 howler monkeys
  A bullfrog zombie (D:6)
  A hound (D:3)
  2 orc priests
  A centaur skeleton (D:4)
  2 orc wizards (D:5)
  A bullfrog skeleton (D:7)
  2 iguanas
  4 worker ants
  A hound skeleton (D:4)
  9 adders
  A shadow imp (D:4)
  2 oozes
  2 dart slugs
  4 leopard geckos
  6 orcs
  A ball python (D:5)
  4 giant cockroaches
  7 goblins
  6 hobgoblins
  2 jackals (D:2)
  10 kobolds
  A quokka (D:2)
  9 bats
  4 frilled lizards
  A giant cockroach zombie (D:6)
  A jackal skeleton (D:4)
  A quokka skeleton (D:6)
  A quokka zombie (D:6)
  4 rats
107 creatures vanquished.

Vanquished Creatures (others)
  7 fulminant prisms
  A plant (D:2)
8 creatures vanquished.

Grand Total: 115 creatures vanquished

Notes
Turn   | Place    | Note
-------+----------+-------------------------------------------
     0 | D:1      | Roflanpepe the Draconian Conjurer began the quest for the
                  | Orb.
     0 | D:1      | Reached XP level 1. HP: 14/14 MP: 3/3
   477 | D:1      | Reached XP level 2. HP: 20/20 MP: 0/5
   480 | D:1      | Learned a level 2 spell: Searing Ray
  1200 | D:1      | Reached XP level 3. HP: 26/26 MP: 3/6
  1685 | D:2      | Found a glowing silver altar of Zin.
  1687 | D:2      | Found an opulent altar of Gozag.
  1768 | D:2      | Reached skill level 5 in Conjurations
  1813 | D:2      | Reached XP level 4. HP: 33/33 MP: 2/7
  2023 | D:2      | Found a shadowy altar of Dithmenos.
  2054 | D:2      | Found a radiant altar of Vehumet.
  2235 | D:2      | Found a faded altar of an unknown god.
  3065 | D:3      | Found a burning altar of Makhleb.
  3107 | D:3      | You fall into a shaft and drop 1 floor!
  3115 | D:4      | Noticed Sigmund
  3150 | D:4      | Found Ypyus's Distillery.
  3157 | D:4      | Found a sparkling altar of Nemelex Xobeh.
  3160 | D:4      | Noticed an ogre
  3231 | D:3      | Reached XP level 5. HP: 14/38 MP: 10/10
  3517 | D:3      | Found a sacrificial altar of Ru.
  3585 | D:3      | Found a shimmering blue altar of Sif Muna.
  3591 | D:3      | Became a worshipper of Sif Muna the Loreminder
  3862 | D:3      | Noticed a centaur
  3868 | D:3      | Killed a centaur
  4207 | D:4      | Reached XP level 6. HP: 45/45 MP: 12/12
  4495 | D:4      | Reached skill level 5 in Spellcasting
  4521 | D:4      | Killed Sigmund
  4522 | D:4      | Your scales start taking on a glossy black colour.
  4522 | D:4      | Reached XP level 7. HP: 50/50 MP: 15/15
  4522 | D:4      | Gained mutation: You are resistant to electric shocks.
                  | (rElec) [Black Draconian growth]
  4557 | D:4      | Bought a potion of curing for 42 gold pieces
  4566 | D:4      | Found a blossoming altar of Fedhas.
  4666 | D:4      | Found a hide-covered altar of Uskayaw.
  4720 | D:4      | Reached * piety under Sif Muna
  4800 | D:4      | Found a shadowy altar of Dithmenos.
  5088 | D:5      | Entered Level 5 of the Dungeon
  5161 | D:5      | Found a staircase to the Ecumenical Temple.
  5217 | D:5      | Found a glowing golden altar of the Shining One.
  5291 | D:5      | Learned a level 4 spell: Fulminant Prism
  5326 | D:5      | Reached XP level 8. HP: 53/57 MP: 14/18
  5351 | D:5      | Learned a level 4 spell: Iskenderun's Mystic Blast
  5708 | D:5      | Found a sparkling altar of Nemelex Xobeh.
  5922 | D:6      | Found a broken altar of Ashenzari.
  6023 | D:6      | Reached skill level 1 in Hexes
  6027 | D:6      | Reached ** piety under Sif Muna
  6265 | D:6      | Noticed Duvessa
  6267 | D:6      | Noticed Dowan
  6285 | D:6      | Killed Duvessa
  6842 | D:7      | Found a runed translucent door.
  6842 | D:7      | Found a shimmering altar of Xom.
  6842 | D:7      | Noticed a +4 scimitar of chaos
  6842 | D:7      | Noticed Descartes's ghost (novice TrCK)
  6858 | D:7      | Noticed Joseph
  6886 | D:7      | Shot with a sling bullet by Joseph

Illustrated notes

Levels and vault maps discovered:
D:1:      dpeg_arrival_connections, layout_loops_ring, chequers_big_river,
          nrook_campfire
D:2:      layout_loops_ring, lemuel_crystal_altar,
          nicolae_overflow_hidden_temple, grunt_temple_overflow_gold_and_silver,
          chequers_ecumenical_altar_lobes, nrook_uturn, minmay_quantized
D:3:      layout_rooms, nicolae_ru_the_path_less_chosen, led_sif_pool,
          makhleb_heckhound_becter
D:4:      layout_rooms, eat_drink_and_be_merry_uskayaw,
          nemelex_xobeh_ov_fountains_minmay, fedhas_altar_2, serial_shops, shop,
          grunt_dithmenos_shadows, uniq_sigmund
D:5:      layout_rooms, lemuel_round_altar, minmay_temple_entry_sparse_star,
          nemelex_dance_club_becter
D:6:      layout_basic, kennysheep_little_box, uniq_duvessa
D:7:      layout_basic, ebering_ghost_xom, uniq_prince_ribbit1, uniq_menkaure,
          uniq_harold, uniq_joseph

Skill      XL: |  1  2  3  4  5  6  7  8 |
---------------+-------------------------+-----
Stealth        | 2 3 |  3.5
Conjurations   | 5 6 7 |  7.1
Spellcasting   | 3 4 5 6 7 |  7.6
Dodging        | 2 |  2.9
Hexes          | 1 |  1.6

Action                   |  1- 3 |  4- 6 |  7- 9 || total
-------------------------+-------+-------+-------++-------
Melee: Unarmed           |       |     1 |       ||     1
 Cast: Magic Dart        |    20 |     5 |     2 ||    27
       Searing Ray       |    15 |    38 |    35 ||    88
       Fulminant Prism   |       |       |     7 ||     7
       Iskenderun's Myst |       |       |     4 ||     4
 Abil: Breathe Lightning |       |       |     3 ||     3
  Use: Scroll            |       |     9 |     1 ||    10
Armor: Skin              |     1 |    21 |     7 ||    29
Dodge: Dodged            |     5 |    24 |    23 ||    52
